 Dungeon Crawl Stone Soup version 0.17-a0-1769-g54adf96 (webtiles) character file.

459 4thArraOfDagon the Chopper (level 6, -2/57 HPs)
             Began as a Deep Dwarf Berserker on Sept 7, 2015.
             Was a Believer of Trog.
             Slain by a wight
             ... wielding a +0 battleaxe
              (4 damage)
             ... on level 6 of the Dungeon.
             The game lasted 00:02:19 (459 turns).

4thArraOfDagon the Chopper (Deep Dwarf Berserker)    Turns: 459, Time: 00:02:20

Health: -2/57      AC:  2    Str: 22    XL:     6   Next: 78%
Magic:  6/6        EV: 11    Int:  8    God:    Trog [**....]
Gold:   104        SH:  0    Dex: 12    Spells: 0 memorised, 5 levels left

rFire  . . .     SeeInvis .     a - +0 hand axe
rCold  . . .     Clarity  .     b - +0 animal skin
rNeg   . . .     SustAt   .     (no shield)
rPois  .         Gourm    .     (no helmet)
rElec  .         Spirit   .     (no cloak)
rCorr  .         Warding  .     (no gloves)
rMut   .         Stasis   .     (no boots)
MR     .....                    (no amulet)
Stlth  +.........               (no ring)
                                (no ring)

@: exhausted, non-regenerating, slowed, heavily drained, very slow, not
resistant to hostile enchantments, very unstealthy
A: damage resistance, recharge devices, sense surroundings 1, slow healing 3
a: Device Recharging, Burn Spellbooks, Berserk, Trog's Hand, Renounce Religion


You were on level 6 of the Dungeon.
You worshipped Trog.
Trog was pleased with you.
You were very hungry.

You visited 1 branch of the dungeon, and saw 6 of its levels.

You collected 104 gold pieces.

Inventory:

Hand weapons
 a - a +0 hand axe (weapon)
Armour
 b - a +0 animal skin (worn)
Magical devices
 c - a wand of heal wounds (2)
 g - a wand of confusion (29)
Scrolls
 e - 4 scrolls of enchant weapon {unknown}
 f - a scroll of fear {unknown}
Potions
 j - 2 potions of cancellation
Comestibles
 d - a bread ration
 h - a slice of pizza
 i - 5 fruits
 k - a chunk of flesh


   Skills:
 + Level 4.1(2.0) Fighting
 * Level 6.5(4.2) Axes
 + Level 4.3(2.2) Armour
 - Level 2.1(0.1) Dodging


You had 5 spell levels left.
You didn't know any spells.

Dungeon Overview and Level Annotations

Branches:
Dungeon (6/15)
 Temple: D:4-7

Altars:

Annotations:
D:3 Ijyb


Innate Abilities, Weirdness & Mutations

You are resistant to damage.
You can recharge devices by infusing magical energy.
You passively map a small area around you.
You do not heal naturally.


Message History

You closely miss the wight. The wight hits you with a battleaxe!
* * * LOW HITPOINT WARNING * * *
You feel drained.
Unknown command.
Evoke which item? (* to show all) (? for menu, Esc to quit)
Zapping:
c - a wand of heal wounds (3)
Press: ? - help, Shift-Dir - straight line, f - you You feel much better.
This wand has 2 charges left.
The wight barely misses you.
Unknown command.
You barely miss the wight. The wight hits you with a battleaxe!
* * * LOW HITPOINT WARNING * * *
You hit the wight but do no damage. The wight hits you with a battleaxe!
* * * LOW HITPOINT WARNING * * *
You feel drained.
* * * LOW HITPOINT WARNING * * *
You hit the wight but do no damage. The wight hits you with a battleaxe.
* * * LOW HITPOINT WARNING * * *
The wight hits you with a battleaxe!
You die...

* # #.# #.####.#
###.#...†##
,......#...######
...............*
..##.##....#####.*
.$.......#.# ,
.#..##..)###
,#......)@z# ,
#.####.##.# , * ,
, #.# .# * *,
*#.#*.# * , ,..#
.# , ### .# , , ,
.# .# , ,


You could see a wight.

Vanquished Creatures
  Eustachio (D:4)
  A giant frog (D:6)
  3 wights (D:6)
  A hound (D:6)
  Jessica (D:3)
  A worker ant zombie (D:6)
  4 adders
  An orc (D:6)
  2 giant cockroaches
  2 hobgoblins
  4 kobolds
  A quokka (D:6)
  3 rats
25 creatures vanquished.

Notes
Turn   | Place    | Note
--------------------------------------------------------------
     0 | D:1      | 4thArraOfDagon the Deep Dwarf Berserker began the quest for the Orb.
     0 | D:1      | Reached XP level 1. HP: 20/20 MP: 1/1
    67 | D:2      | Reached XP level 2. HP: 27/27 MP: 2/2
    68 | D:2      | Reached skill level 4 in Axes
   134 | D:3      | Reached XP level 3. HP: 23/34 MP: 3/3
   156 | D:3      | Noticed Ijyb
   156 | D:3      | Noticed Jessica
   167 | D:3      | Killed Jessica
   199 | D:4      | Noticed Eustachio
   211 | D:4      | HP: 2/51 [poisoned by Eustachio]
   213 | D:4      | Killed Eustachio
   213 | D:4      | Reached skill level 5 in Axes
   213 | D:4      | Reached XP level 4. HP: 2/43 MP: 4/4
   213 | D:4      | Reached XP level 5. HP: 2/49 MP: 5/5
   291 | D:5      | Entered Level 5 of the Dungeon
   346 | D:6      | Acquired Trog's second power
   346 | D:6      | Reached XP level 6. HP: 47/57 MP: 6/6
   438 | D:6      | Reached skill level 6 in Axes
   455 | D:6      | HP: 2/57 [wight/battleaxe (5)]
   459 | D:6      | Slain by a wight

Vault maps used:
D:1:      mrwooster_arrival_statue_3
D:2:      first_bread, minmay_mini_jars
D:3:      lemuel_upstairs_altar, uniq_iyjb, uniq_jessica
D:4:      minmay_temple_entry_hall, uniq_eustachio
D:5:      led_xom_imps, uniq_menkaure
D:6:      nicolae_ru_great_annihilating_truth

Action                   |  1- 3 |  4- 6 || total
-------------------------+-------+-------++-------
Melee: Hand axe          |    48 |    37 ||    85
Invok: Berserk           |     3 |     2 ||     5
       Trog's Hand       |       |     1 ||     1
Evoke: Wand              |       |     3 ||     3
  Use: Potion            |     3 |     1 ||     4
  Eat: Chunk             |       |     3 ||     3
